 Dungeon Crawl Stone Soup version 0.28-a0-1613-gdaab1c2f9b (webtiles) character file.

Game seed: 14637639951652331453

314 HallandMoats the Skirmisher (level 6, -1/49 HPs)
             Began as a Demonspawn Fighter on Jan 21, 2022.
             Succumbed to a scorpion's poison
             ... on level 4 of the Dungeon.
             The game lasted 00:03:52 (4064 turns).

HallandMoats the Skirmisher (Demonspawn Fighter)    Turns: 4064, Time: 00:03:53

Health: -1/49      AC: 15    Str: 16    XL:     6   Next: 19%
Magic:  7/7        EV: 10    Int:  9    God:
Gold:   172        SH:  5    Dex: 15    Spells: 5/5 levels left

rFire   . . .      SeeInvis .   g - +0 mace (protect)
rCold   + . .      Faith    .   c - +0 buckler
rNeg    . . .      Spirit   .   b - +0 scale mail
rPois   .          Reflect  .   (no helmet)
rElec   .          Harm     .   e - +0 cloak
rCorr   .          Rampage  .   (no gloves)
Will    .....                   (no boots)
Stlth   +.........              (no amulet)
HPRegen 0.16/turn               (no ring)
MPRegen 0.10/turn               (no ring)

@: lethally poisoned (-1 -> -7), under a protective aura
A: sturdy frame 1, demonic magic 1, weakness stinger 2, cold resistance 1,
MP-powered wands
a: no special abilities


You were on level 4 of the Dungeon.
You visited 1 branch of the dungeon, and saw 4 of its levels.

You collected 172 gold pieces.

Inventory:

Hand Weapons
 a - a +0 long sword
 g - a +0 mace of protection (weapon)
Armour
 b - a +0 scale mail (worn)
 c - a +0 buckler (worn)
 e - a +0 cloak (worn)
Scrolls
 d - a scroll of fear
 h - a scroll of amnesia
 j - a scroll of enchant weapon
Potions
 f - a potion of curing


   Skills:
 * Level 4.3 Fighting
 * Level 3.3 Long Blades
 + Level 3.2 Armour
 + Level 1.8 Dodging
 + Level 3.3 Shields
 + Level 2.5 Invocations


You had 5 spell levels left.
You didn't know any spells.
Your spell library was empty.

Dungeon Overview and Level Annotations

Branches:
Dungeon (4/15)
 Temple: D:4-7

Altars:
The Shining One


Innate Abilities, Weirdness & Mutations

Your movements are slightly less encumbered by armour. (ER -2)
Spells you cast may paralyse adjacent enemies.
You have a tail ending in a sharp stinger.
Your flesh is cold resistant. (rC+)
You expend magic power (3 MP) to strengthen your wands.


Message History

You block the hobgoblin's attack. The iguana misses you.
You closely miss the iguana. You tail-slap the iguana.
You kill the iguana!
The hobgoblin closely misses you. x2
The hobgoblin hits you but does no damage.
You barely miss the hobgoblin.
The hobgoblin hits you but does no damage.
You sock the hobgoblin!
Your weapon exudes an aura of protection.
You kill the hobgoblin!
You see here a hobgoblin corpse.
A scorpion comes into view.
A scorpion is nearby!
A scorpion is nearby!
A scorpion is nearby!
A scorpion is nearby!
A scorpion is nearby!
You are too injured to fight recklessly!
You are too injured to fight recklessly!
You are too injured to fight recklessly!
You see here a hobgoblin corpse.
You closely miss the scorpion.
You tail-slap the scorpion, but do no damage.
The scorpion barely misses you. The scorpion stings you.
* * * LOW HITPOINT WARNING * * *
You are lethally poisoned!
The scorpion poisons you!
You closely miss the scorpion.
* * * LOW HITPOINT WARNING * * *
You feel very sick. The scorpion closely misses you. x2
You barely miss the scorpion.
* * * LOW HITPOINT WARNING * * *
You feel very sick.
The scorpion stings you but does no damage.
You hit the scorpion.
Your weapon exudes an aura of protection.
Your tail-slap misses the scorpion.
The scorpion is lightly wounded.
You die...

....
#####.......#....##
...##.....##.......###
#........$........#
#................#
#...................
#................#.#
#................#.#
####.$.†..............#
#......@............##
#.#.#..s............. .
#.#.............###
...$.#........###
..#.....##..#.!# ..
....... ..#... .
...###.. ### ...##⌠ #..


You could see a scorpion.

Vanquished Creatures
  Crazy Yiuf (D:3)
  Jessica (D:3)
  2 iguanas (D:4)
  2 orc wizards (D:3)
  4 gnolls (D:3)
  5 adders (D:2)
  A worm (D:3)
  2 dart slugs
  2 orcs (D:3)
  5 endoplasms
  A giant cockroach (D:1)
  5 goblins
  5 hobgoblins
  2 jackals (D:2)
  7 kobolds
  4 quokkas
  7 ball pythons
  6 bats
  2 frilled lizards (D:1)
  10 rats
74 creatures vanquished.

Notes
Turn   | Place    | Note
-------+----------+-------------------------------------------
     0 | D:1      | HallandMoats the Demonspawn Fighter began the quest for the
                  | Orb.
     0 | D:1      | Reached XP level 1. HP: 18/18 MP: 1/1
   233 | D:1      | Gained mutation: Spells you cast may paralyse adjacent
                  | enemies. [demonic ancestry]
   233 | D:1      | Reached XP level 2. HP: 24/24 MP: 2/2
   897 | D:1      | Gained mutation: Your movements are slightly less
                  | encumbered by armour. (ER -2) [demonic ancestry]
   897 | D:1      | Reached XP level 3. HP: 29/29 MP: 3/3
  1062 | D:2      | Reached skill level 1 in Invocations
  1440 | D:2      | Gained mutation: You are weak. (Str -2) [potion of
                  | mutation]
  1440 | D:2      | Lost mutation: You are weak. (Str -2) [potion of mutation]
  1440 | D:2      | Gained mutation: You are clumsy. (Dex -2) [potion of
                  | mutation]
  1636 | D:2      | Lost mutation: You are clumsy. (Dex -2) [potion of
                  | mutation]
  1636 | D:2      | Gained mutation: You are occasionally teleported next to
                  | monsters. [potion of mutation]
  1636 | D:2      | Gained mutation: You are agile. (Dex +2) [potion of
                  | mutation]
  1766 | D:2      | Lost mutation: You are occasionally teleported next to
                  | monsters. [potion of mutation]
  1766 | D:2      | Lost mutation: You are agile. (Dex +2) [potion of mutation]
  1766 | D:2      | Gained mutation: You expend magic power (3 MP) to
                  | strengthen your wands. [potion of mutation]
  1766 | D:2      | Gained mutation: Your flesh is cold resistant. (rC+)
                  | [potion of mutation]
  1817 | D:2      | Reached XP level 4. HP: 35/35 MP: 5/5
  1826 | D:2      | Reached skill level 1 in Dodging
  2238 | D:3      | Noticed Jessica
  2240 | D:3      | Killed Jessica
  2350 | D:3      | Gained mutation: You have a small tail. [demonic ancestry]
  2350 | D:3      | Reached XP level 5. HP: 25/42 MP: 6/6
  2766 | D:3      | Found a faded altar of an unknown god.
  2907 | D:3      | Reached skill level 4 in Fighting
  3416 | D:3      | Found a runed translucent door.
  3417 | D:3      | Noticed Crazy Yiuf
  3761 | D:3      | Killed Crazy Yiuf
  4005 | D:4      | Gained mutation: You have a tail ending in a sharp stinger.
                  | [demonic ancestry]
  4005 | D:4      | Reached XP level 6. HP: 22/48 MP: 7/7
  4063 | D:4      | HP: 1/49 [poisoned by a scorpion]
  4064 | D:4      | Succumbed to a scorpion's poison

Illustrated notes

Levels and vault maps discovered:
D:1:      nzn_arrival_crosshair, layout_loops_ring, minmay_ruptured
D:2:      layout_basic, minmay_misc_feat_tower
D:3:      layout_loops_ring, mainiacjoe_overflow_brackets,
          shapermc_ecumenical_altar_flowoftime, uniq_jessica,
          uniq_crazy_yiuf_cottage
D:4:      layout_rooms, hellmonk_ghost_happy_afterlife

Skill      XL: |  1  2  3  4  5 |
---------------+----------------+-----
Long Blades    | 2 3 |  3.3
Invocations    | 1 2 |  2.5
Dodging        | 1 |  1.8
Shields        | 3 |  3.3
Armour         | 3 |  3.2
Fighting       | 4 |  4.3

Action                   |  1- 3 |  4- 6 || total
-------------------------+-------+-------++-------
Melee: Long sword        |   148 |   105 ||   253
       Mace              |       |    32 ||    32
       Tailslap          |       |    17 ||    17
  Use: Potion            |     5 |       ||     5
       Scroll            |       |     5 ||     5
Armor: Scale mail        |    77 |    52 ||   129
Dodge: Dodged            |    82 |   104 ||   186
Block: Buckler           |    33 |    32 ||    65

Table legend: (Time is in decaauts)
 A = Elapsed time spent in this place.
 B = Non-inter-level travel time spent in this place.
 C = Inter-level travel time spent in this place.
 D = Time resting spent in this place.
 E = Time spent auto-exploring this place.
 F = Levels seen in this place.
 G = Mean time per level.
                   A        B        C        D        E       F      G
               +--------+--------+--------+--------+--------+-----+--------+
         Total |   4156 |   4068 |     88 |    185 |   3225 |   4 | 1039.0 |
       Dungeon |   4156 |   4068 |     88 |    185 |   3225 |   4 | 1039.0 |
               +--------+--------+--------+--------+--------+-----+--------+

Top non-repeatable levels by time:
     D:3: 1770 daAuts
     D:2: 1224 daAuts
     D:1: 1056 daAuts
     D:4: 105 daAuts
